 Dungeon Crawl Stone Soup version 0.29-a0-284-gf9362112df (webtiles) character file.

Game seed: 4630755887581701992

70 sylnyx the Poker (level 4, -7/41 HPs)
             Began as a Minotaur Monk on Mar 24, 2022.
             Mangled by a gnoll
             ... wielding a +0 halberd
              (9 damage)
             ... on level 2 of the Dungeon.
             The game lasted 00:01:54 (1233 turns).

sylnyx the Poker (Minotaur Monk)                    Turns: 1233, Time: 00:01:55

Health: -7/41      AC:  3    Str: 17    XL:     4   Next: 4%
Magic:  3/3        EV: 13    Int:  7    God:
Gold:   48         SH:  0    Dex: 13    Spells: 3/3 levels left

rFire   . . .      SeeInvis .   a - +0 spear
rCold   . . .      Faith    .   (no shield)
rNeg    . . .      Spirit   .   d - +0 leather armour
rPois   .          Reflect  .   (helmet restricted)
rElec   .          Harm     .   (no cloak)
rCorr   .          Rampage  .   (no gloves)
Will    .....                   (no boots)
Stlth   ++........              (no amulet)
HPRegen 0.13/turn               (no ring)
MPRegen 0.08/turn               (no ring)

@: no status effects
A: horns 2, retaliatory headbutt
a: no special abilities


You were on level 2 of the Dungeon.
You visited 1 branch of the dungeon, and saw 2 of its levels.

You collected 48 gold pieces.

Inventory:

Hand Weapons
 a - a +0 spear (weapon)
Armour
 b - a +0 robe
 d - a +0 leather armour (worn)
Jewellery
 l - a ring of ice
Scrolls
 e - a scroll of holy word {unknown}
 f - a scroll of vulnerability {unknown}
 h - 2 scrolls of identify {unknown}
 k - a scroll of acquirement {unknown}
 n - a scroll of blinking {unknown}
 o - a scroll of teleportation {unknown}
Potions
 c - a potion of ambrosia
 g - a potion of flight {unknown}
 i - a potion of brilliance {unknown}
 j - a potion of mutation {unknown}
 m - a potion of resistance {unknown}


   Skills:
 + Level 4.3 Fighting
 + Level 4.4 Polearms
 + Level 1.0 Armour
 + Level 4.0 Dodging
 + Level 1.7 Stealth


You had 3 spell levels left.
You didn't know any spells.
Your spell library contained the following spells:

 Spells                   Type           Power      Damage    Failure   Level
 Magic Dart               Conj           0%         1d3       50%         1
 Sandblast                Erth           0%         2d4       50%         1
 Call Imp                 Summ           0%         N/A       63%         2
 Passwall                 Tmut/Erth      0%         N/A       63%         2
 Mephitic Cloud           Conj/Pois/Air  0%         N/A       86%         3
 Stone Arrow              Conj/Erth      0%         3d7       86%         3


Dungeon Overview and Level Annotations

Branches:
Dungeon (2/15)

Altars:

Shops:
D:1 (


Innate Abilities, Weirdness & Mutations

You have a pair of horns on your head.
You reflexively headbutt those who attack you in melee.


Message History

n - a scroll labelled CACWAJ LUMORI You now have 48 gold pieces (gained 13).
o - a scroll labelled HUIKIO TULEHI A gnoll comes into view.
It is wielding a +0 whip.
The gnoll shouts!
A gnoll comes into view. It is wielding a +0 halberd.
There are monsters nearby!
A gnoll comes into view. It is wielding a +0 club.
A gnoll comes into view. It is wielding a +0 halberd.
Found a stone staircase leading down.
You reach to attack!
You barely miss the gnoll.
The gnoll shouts! x2
You hit the gnoll.
The gnoll is lightly wounded.
The gnoll misses you. x2
You hit the gnoll.
The gnoll is heavily wounded.
The gnoll barely misses you. The gnoll hits you with a +0 whip.
You closely miss the gnoll.
The gnoll is heavily wounded.
The gnoll closely misses you. You furiously retaliate!
You headbutt the gnoll.
The gnoll hits you from afar with a +0 halberd!
You puncture the gnoll!
You kill the gnoll!
The gnoll hits you from afar with a +0 halberd. x2
* * * LOW HITPOINT WARNING * * *
The gnoll hits you with a +0 club.
* * * LOW HITPOINT WARNING * * *
You have reached level 4!
You feel agile.
You are too injured to fight recklessly!
You are too injured to fight recklessly!
You are too injured to fight recklessly!
You are too injured to fight recklessly!
You are too injured to fight recklessly!
You hit the gnoll.
The gnoll is moderately wounded.
The gnoll misses you.
The gnoll hits you from afar with a +0 halberd!
You die...

..# ..# ..###
....### #
.......
##.#####.g..#
..>....g.g..###
#..@)......
##..........
#...........
#.##.#+#####
#.##.# #.##.#
##.##.# #...#.#
##.##..


You could see 3 gnolls.

Vanquished Creatures
  2 gnolls
  A dart slug (D:2)
  4 ball pythons
  7 bats
  4 endoplasms
  A giant cockroach (D:1)
  3 goblins
  2 hobgoblins
  4 jackals (D:1)
  7 kobolds
  3 quokkas
  5 frilled lizards
  2 rats (D:1)
45 creatures vanquished.

Notes
Turn   | Place    | Note
-------+----------+-------------------------------------------
     0 | D:1      | sylnyx the Minotaur Monk began the quest for the Orb.
     0 | D:1      | Reached XP level 1. HP: 19/19 MP: 0/0
   120 | D:1      | Reached XP level 2. HP: 25/27 MP: 1/1
   290 | D:1      | Found Vokacocyaz's Antique Weapon Shop.
   431 | D:1      | Reached XP level 3. HP: 33/33 MP: 2/2
  1151 | D:2      | Reached skill level 1 in Armour
  1232 | D:2      | HP: 1/33 [gnoll/+0 club (6)]
  1233 | D:2      | Reached XP level 4. HP: 2/41 MP: 3/3
  1233 | D:2      | Mangled by a gnoll

Illustrated notes

Levels and vault maps discovered:
D:1:      minmay_arrival_checkered_box, layout_basic, serial_shops,
          nicolae_shop_overgrown_old_shop, minmay_pentomino_z4
D:2:      minmay_spotlight, layout_basic, serial_shops,
          nicolae_shop_statue_plus, hellmonk_ecumenical_altar_zigzags

Skill      XL: |  1  2  3 |
---------------+----------+-----
Polearms       | 4 |  4.4
Fighting       | 4 |  4.3
Dodging        | 4 |  4.0
Armour         | 1 |  1.0
Stealth        | |  1.7

Action                   |  1- 3 |  4- 6 || total
-------------------------+-------+-------++-------
Melee: Spear             |   121 |     1 ||   122
       Headbutt          |    14 |       ||    14
       Punch             |     1 |       ||     1
 Stab: Sleeping          |     4 |       ||     4
Armor: Leather armour    |    19 |       ||    19
Dodge: Dodged            |    49 |     1 ||    50

Table legend: (Time is in decaauts)
 A = Elapsed time spent in this place.
 B = Non-inter-level travel time spent in this place.
 C = Inter-level travel time spent in this place.
 D = Time resting spent in this place.
 E = Time spent auto-exploring this place.
 F = Levels seen in this place.
 G = Mean time per level.
                   A        B        C        D        E       F      G
               +--------+--------+--------+--------+--------+-----+--------+
         Total |   1219 |   1210 |      9 |      0 |    980 |   2 |  609.5 |
       Dungeon |   1219 |   1210 |      9 |      0 |    980 |   2 |  609.5 |
               +--------+--------+--------+--------+--------+-----+--------+

Top non-repeatable levels by time:
     D:1: 853 daAuts
     D:2: 365 daAuts
